 Dungeon Crawl Stone Soup version 0.25-a0-503-ge281fa6 (webtiles) character file.

Game seed: 7817916996090637239, levelgen mode: deterministic

870 15 the Ruffian (level 7, -5/57 HPs)
             Began as a Green Draconian Transmuter on Feb 13, 2020.
             Slain by an ice beast (11 damage)
             ... on level 5 of the Dungeon.
             The game lasted 00:12:16 (4552 turns).

15 the Ruffian (Green Draconian Transmuter)         Turns: 4552, Time: 00:12:17

Health: -5/57      AC:  6    Str: 14    XL:     7   Next: 73%
Magic:  12/12      EV: 13    Int: 14    God:
Gold:   221        SH:  0    Dex: 11    Spells: 3/13 levels left

rFire    . . .     SeeInvis .     - Unarmed
rCold    . . .     Gourm    .   (no shield)
rNeg     . . .     Faith    .   (armour unavailable)
rPois    +         Spirit   .   (helmet restricted)
rElec    .         Reflect  .   (no cloak)
rCorr    .         Harm     .   (no gloves)
MR       +....                  (no boots)
Stlth    +.........             (no amulet)
HPRegen  0.19/turn              b - ring of flight
MPRegen  0.13/turn              i - ring of protection from magic

@: no status effects
A: breathe noxious fumes, unfitting armour, hooves 1, poison resistance, wild
magic 1, cold-blooded, AC +6
a: Breathe Noxious Fumes, Evoke Flight


You were on level 5 of the Dungeon.
You were hungry.

You visited 1 branch of the dungeon, and saw 5 of its levels.

You collected 221 gold pieces.

Inventory:

Missiles
 a - 125 arrows
Jewellery
 b - a ring of flight (left hand)
 i - a ring of protection from magic (right hand)
Wands
 f - a wand of polymorph (8)
Scrolls
 e - 7 scrolls of remove curse
 g - a scroll of immolation {unknown}
 h - a scroll of enchant armour {unknown}
 j - 2 scrolls of enchant weapon
 k - 4 scrolls of teleportation {unknown}
 l - a scroll of random uselessness {unknown}
 n - a scroll of fear {unknown}
Potions
 o - 2 potions of degeneration
Comestibles
 c - 3 rations


   Skills:
 * Level 3.4 Fighting
 * Level 3.7 Dodging
 + Level 0.7 Stealth
 + Level 5.3 Unarmed Combat
 * Level 3.8 Spellcasting
 * Level 3.7 Transmutations
 * Level 1.6 Ice Magic
 * Level 1.5 Evocations


You had 3 spell levels left.
You knew the following spells:

 Your Spells              Type           Power        Failure   Level  Hunger
a - Beastly Appendage     Tmut           ###...       7%          1    None
b - Sticks to Snakes      Tmut           ###.....     10%         2    ##.....
c - Spider Form           Tmut/Pois      ##........   34%         3    ###....
d - Ice Form              Ice/Tmut       ##......     63%         4    ####...

Your spell library contained the following spells:

 Spells                   Type           Power        Failure   Level  Hunger
 Magic Dart               Conj           #...         28%         1    None
 Searing Ray              Conj           #.....       38%         2    ##.....
 Dazzling Flash           Conj/Hex       #.....       61%         3    ###....
 Blade Hands              Tmut           ###.......   82%         5    ######.
 Fulminant Prism          Conj/Hex       #.........   93%         4    ####...
 Iskenderun's Mystic Bla  Conj/Tloc      #.......     93%         4    ####...


Dungeon Overview and Level Annotations

Branches:
Dungeon (5/15)
 Temple: D:4-7

Altars:
Dithmenos
Elyvilon
Fedhas
Makhleb
Nemelex Xobeh
Qazlal
Ru
Trog
Vehumet
Zin

Annotations:
D:3 3 runed translucent doors, drc500free's ghost, weakling HONe


Innate Abilities, Weirdness & Mutations

You can breathe blasts of noxious fumes.
Your lurid green scales are hard. (AC +6)
You cannot fit into any form of body armour.
Your system is resistant to poisons. (rPois)
You are cold-blooded and may be slowed by cold attacks.
You have large cloven feet.
Your spells are a little harder to cast, but a little more powerful.


Message History

You feel yourself speed up. The ice beast misses you. x2
You hit the ice beast. Your kick misses the ice beast.
The ice beast is severely wounded.
The ice beast hits you. The ice beast freezes you!
* * * LOW HITPOINT WARNING * * *
You hit the ice beast but do no damage.
The ice beast is severely wounded.
The ice beast hits you.
* * * LOW HITPOINT WARNING * * *
The ice beast freezes you!
* * * LOW HITPOINT WARNING * * *
You closely miss the ice beast. You tail-slap the ice beast.
The ice beast is almost dead.
You hit the ice beast but do no damage.
The ice beast is almost dead.
The ice beast hits you.
* * * LOW HITPOINT WARNING * * *
The ice beast freezes you!
You die...

#.# #....##.##.##
###.###<#####.##.#
#.........###.##.#
#.####+##..##.##.#
#..##.⌠.##..#.##.#
#..##...##...##.#
#..##...##..##.#
##..##...##..#.#
#Y@†.''.⌠.++...#
#....##...##....###
.......##...##.........
####..##...##..#######.
#).##.⌠.##..##
#.####'##..#####
..................
##################


You could see an ice beast.

Vanquished Creatures
  Grinder (D:5)
  A phantom (D:3)
  2 centaurs (D:5)
  A howler monkey (D:4)
  A jelly (D:5)
  An orc priest (D:5)
  A hound (D:4)
  An orc wizard (D:4)
  An iguana (D:4)
  A killer bee zombie (D:5)
  8 adders
  3 gnolls (D:3)
  A shadow imp (D:5)
  An ooze (D:5)
  2 worms
  4 dart slugs (D:1)
  4 leopard geckos
  18 orcs
  7 bats
  7 giant cockroaches
  6 goblins
  6 hobgoblins
  6 jackals (D:3)
  5 quokkas
  7 frilled lizards
  3 kobolds
  A leopard gecko skeleton (D:4)
  9 rats
109 creatures vanquished.

Vanquished Creatures (others)
  A fungus (D:4)
1 creature vanquished.

Grand Total: 110 creatures vanquished

Notes
Turn   | Place    | Note
-------+----------+-------------------------------------------
     0 | D:1      | 15 the Draconian Transmuter began the quest for the Orb.
     0 | D:1      | Reached XP level 1. HP: 16/16 MP: 3/3
   158 | D:1      | Reached XP level 2. HP: 18/23 MP: 3/5
   432 | D:1      | Reached XP level 3. HP: 28/28 MP: 6/6
   518 | D:1      | Learned a level 2 spell: Sticks to Snakes
   522 | D:1      | Learned a level 3 spell: Spider Form
  1011 | D:2      | You fall into a shaft and drop 1 floor!
  1062 | D:3      | Reached XP level 4. HP: 13/36 MP: 7/7
  1425 | D:2      | Found a white marble altar of Elyvilon.
  1550 | D:2      | Gained mutation: Your magical capacity is low. (-10% MP)
                  | [potion of mutation]
  1550 | D:2      | Gained mutation: You have sharp toenails. [potion of
                  | mutation]
  1551 | D:2      | Lost mutation: You have sharp toenails. [potion of
                  | mutation]
  1551 | D:2      | Lost mutation: Your magical capacity is low. (-10% MP)
                  | [potion of mutation]
  1551 | D:2      | Gained mutation: You have large cloven feet. [potion of
                  | mutation]
  1551 | D:2      | Gained mutation: Your spells are a little harder to cast,
                  | but a little more powerful. [potion of mutation]
  1749 | D:2      | Found a burning altar of Makhleb.
  1750 | D:2      | Found a sacrificial altar of Ru.
  1750 | D:2      | Found a shadowy altar of Dithmenos.
  1753 | D:2      | Found a bloodstained altar of Trog.
  1928 | D:3      | Found a runed translucent gate.
  1959 | D:3      | Found a runed translucent gate.
  1962 | D:3      | Found a runed translucent gate.
  2177 | D:3      | Noticed drc500free's ghost (weakling HONe)
  2454 | D:3      | Found a radiant altar of Vehumet.
  2484 | D:3      | Reached XP level 5. HP: 33/41 MP: 6/8
  2489 | D:3      | Reached skill level 4 in Unarmed Combat
  2699 | D:3      | Noticed a phantom
  2704 | D:3      | Killed a phantom
  3111 | D:4      | Reached XP level 6. HP: 37/50 MP: 8/10
  3349 | D:4      | Learned a level 4 spell: Ice Form
  3659 | D:4      | Found a stormy altar of Qazlal.
  3671 | D:4      | Found a blossoming altar of Fedhas.
  3772 | D:4      | Found a sparkling altar of Nemelex Xobeh.
  3956 | D:5      | Entered Level 5 of the Dungeon
  3984 | D:5      | Found a glowing silver altar of Zin.
  4028 | D:5      | Your scales start taking on a lurid green colour.
  4028 | D:5      | Reached XP level 7. HP: 41/57 MP: 12/12
  4028 | D:5      | Gained mutation: Your system is resistant to poisons.
                  | (rPois) [Green Draconian growth]
  4031 | D:5      | Reached skill level 5 in Unarmed Combat
  4031 | D:5      | Reached skill level 1 in Ice Magic
  4031 | D:5      | Reached skill level 1 in Evocations
  4242 | D:5      | Noticed Grinder
  4286 | D:5      | HP: 1/57 [Grinder (6)]
  4289 | D:5      | Killed Grinder
  4552 | D:5      | Slain by an ice beast

Levels and vault maps discovered:
D:1:      minmay_arrival_arboretum_small, layout_basic, grunt_decor_one_mirror
D:2:      layout_loops_ring, minitemple, elyvilon_altar_1, first_ration
D:3:      layout_loops_ring, lemuel_coloured_pillars_altar, gammafunk_ghost_icy
D:4:      layout_basic, grunt_temple_overflow_forces_of_nature,
          nemelex_xobeh_ov_fountains_minmay
D:5:      layout_loops_ring, minmay_temple_entry_slanted, basic_altar,
          grunt_decor_arrowhead, minmay_manual_mares, uniq_grinder

Skill      XL: |  1  2  3  4  5  6  7 |
---------------+----------------------+-----
Dodging        | 2 3 |  3.7
Fighting       | 2 3 |  3.4
Transmutations | 3 |  3.7
Unarmed Combat | 4 5 |  5.3
Spellcasting   | 3 |  3.8
Ice Magic      | 1 |  1.6
Evocations     | 1 |  1.5
Stealth        | |  0.7

Action                   |  1- 3 |  4- 6 |  7- 9 || total
-------------------------+-------+-------+-------++-------
Melee: Unarmed           |   134 |   257 |    83 ||   474
       Kick              |     6 |    44 |    20 ||    70
       Tailslap          |    10 |    32 |    11 ||    53
       Headbutt          |     2 |    19 |     5 ||    26
       Punch             |       |     2 |     1 ||     3
 Cast: Beastly Appendage |    10 |    20 |     3 ||    33
       Spider Form       |       |     1 |       ||     1
 Abil: Breathe Noxious F |       |       |     1 ||     1
Evoke: Wand              |       |     1 |       ||     1
  Use: Scroll            |     3 |     5 |       ||     8
       Potion            |       |     8 |     1 ||     9
 Stab: Sleeping          |     2 |       |       ||     2
  Eat: Chunk             |     1 |    10 |     1 ||    12
Armor: Skin              |    40 |    62 |    19 ||   121
Dodge: Dodged            |   117 |   179 |    46 ||   342

Table legend:
 A = Non-vault XP
 B = Vault XP
 C = Vault XP percentage of total XP
 D = Non-vault monster count
 E = Vault monster count
 F = Vault count percentage of total count
                 A         B        C        D         E       F
            +---------+---------+-------+---------+---------+-------
      Total |     751 |     492 |  39.6 |     106 |       3 |   2.8
            +---------+---------+-------+---------+---------+-------
        D:1 |      53 |       0 |   0.0 |      27 |       0 |   0.0
        D:2 |      35 |       0 |   0.0 |      12 |       0 |   0.0
        D:3 |     257 |       0 |   0.0 |      29 |       0 |   0.0
        D:4 |     255 |       0 |   0.0 |      26 |       0 |   0.0
        D:5 |     151 |     492 |  76.5 |      12 |       3 |  20.0
            +---------+---------+-------+---------+---------+-------
